 Dungeon Crawl Stone Soup version 0.31-a0-345-g1ebeae05c6 (webtiles) character file.

Game seed: 5475072646599600784

145852 LustLizard the Brawler (level 17, -5/129 HPs)
             Began as an Octopode Shapeshifter on July 21, 2023.
             Was a Follower of Uskayaw.
             Slain by a ghost moth (6 damage)
             ... on level 4 of the Spider Nest on July 23, 2023.
             The game lasted 01:08:06 (36187 turns).

LustLizard the Brawler (Octopode Shapeshifter)     Turns: 36187, Time: 01:08:07

Health: -5/129     AC: 25    Str: 21    XL:     17   Next: 43%
Magic:  0/25       EV: 17    Int: 15    God:    Uskayaw [*.....]
Gold:   1940       SH:  7    Dex: 20    Spells: 16/16 levels left

rFire   . .          .
                       - Unarmed
rCold   . . .        M - +0 buckler
rNeg    + . .        H - +2 hat
rPois   ∞            n - amulet of faith
rElec   +            g - ring of poison resistance
rCorr   .            J - +6 ring of dexterity
SInv    .            T - ring "Arorah Diets" {AC+4 Int+3 Dex+2}
Will    +....        (no ring)
Stlth   ++++++       (no ring)
HPRegen 0.41/turn    (no ring)
MPRegen 0.19/turn    (no ring)
                     (no ring)

%: faith
@: about to teleport, statue-form, corroded, studying Unarmed Combat, very slow
A: slow and powerful, torment resistance 1, almost no armour, amphibious, 8
rings, camouflage 1, (gelatinous body 1), (nimble swimmer 1), tentacles
a: Begin Untransformation, Renounce Religion, Stomp


You were on level 4 of the Spider Nest.
You worshipped Uskayaw.
Uskayaw was aware of your devotion.
You were a living statue of rough stone.
You visited 4 branches of the dungeon, and saw 26 of its levels.
You also visited: Ossuary.

You collected 3357 gold pieces.
You spent 1417 gold pieces at shops.

Inventory:

Missiles
 i - 26 poisoned darts
 x - a throwing net
Armour
 H - a +2 hat (worn)
 M - a +0 buckler (worn)
 Q - the +2 kite shield "Wuam" {Str+3}
   (You acquired it on level 13 of the Dungeon)

   Str:       It affects your strength (+3).
Jewellery
 g - a ring of poison resistance (left tentacle)
 n - an amulet of faith (around mantle)
 J - a +6 ring of dexterity (right tentacle)
 K - a ring of ice
 T - the ring "Arorah Diets" (on tentacle) {AC+4 Int+3 Dex+2}
   (You found it on level 3 of the Spider Nest)

   [ring of protection]

   AC:        It affects your AC (+4).
   Int:       It affects your intelligence (+3).
   Dex:       It affects your dexterity (+2).
Talismans
 b - a beast talisman
 f - a granite talisman
Wands
 m - a wand of mindburst (18)
 r - a wand of polymorph (14)
 y - a wand of paralysis (11)
 C - a wand of digging (6)
 F - a wand of light (19) (quivered)
 L - a wand of iceblast (3)
Scrolls
 c - 5 scrolls of fog
 h - 3 scrolls of vulnerability
 j - 2 scrolls of brand weapon
 k - 4 scrolls of revelation
 o - 3 scrolls of fear
 s - a scroll of blinking
 t - 4 scrolls of immolation
 u - 8 scrolls of amnesia
 v - a scroll of poison
 D - 3 scrolls of enchant armour
 E - 3 scrolls of torment
 G - 2 scrolls of teleportation
 N - a scroll of silence
 P - 6 scrolls of identify
 S - a scroll of enchant weapon
Potions
 a - 3 potions of ambrosia
 d - 3 potions of might
 e - 7 potions of mutation
 l - 6 potions of curing
 p - 4 potions of magic
 q - 5 potions of brilliance
 z - 6 potions of haste
 A - 4 potions of cancellation
 I - a potion of berserk rage
 O - a potion of enlightenment
Miscellaneous
 B - a phial of floods
 R - a sack of spiders


   Skills:
 + Level 13.2 Fighting
 + Level 8.5 Dodging
 - Level 10.4 Stealth
 + Level 7.4 Shields
 + Level 19.6 Unarmed Combat
 * Level 11.0 Invocations
 + Level 13.1 Shapeshifting


You had 16 spell levels left.
You didn't know any spells.
Your spell library contained the following spells:

 Spells                   Type           Power      Damage    Failure   Level
 Shock                    Conj/Air       0%         1d3       32%         1
 Cigotuvi's Dreadful Rot  Necr/Pois/Air  0%         N/A       43%         2
 Static Discharge         Conj/Air       0%         2-2/arc   43%         2
 Hailstorm                Conj/Ice       0%         3d3       67%         3
 Portal Projectile        Hex/Tloc       0%         N/A       67%         3
 Swiftness                Air            0%         N/A       67%         3
 Tukima's Dance           Hex            0%         N/A       67%         3
 Vhi's Electric Charge    Tloc/Air       0%         N/A       67%         3
 Airstrike                Air            0%         2d(0-16)  97%         4
 Cause Fear               Hex            0%         N/A       97%         4
 Dispel Undead            Necr           0%         3d6       97%         4
 Iskenderun's Mystic Bla  Conj/Tloc      0%         2d3       97%         4
 Summon Lightning Spire   Summ/Air       0%         N/A       97%         4
 Lee's Rapid Deconstruct  Erth           0%         3d4*      100%        5
 Silence                  Hex/Air        0%         N/A       100%        5
 Conjure Ball Lightning   Conj/Air       0%         3x3d6     100%        6
 Death Channel            Necr           0%         N/A       100%        6
 Animate Armour           Summ/Erth      Unusable   N/A       N/A         4

Dungeon Overview and Level Annotations

Branches:
Dungeon (15/15)            Temple (0/1) D:7            Lair (5/5) D:8
 Shoals (0/4) Lair:2       Spider (4/4) Lair:3        Slime (0/5) Lair:5
    Orc (2/2) D:9             Elf (0/3) Orc:2        Vaults (0/5) D:13
 Depths (0/4) D:15        Ossuary (visited)

Altars:
Fedhas
Makhleb
Okawaru
Ru
Sif Muna
Uskayaw
Xom
Zin
The Shining One
Jiyva

Shops:
D:2 ?   D:10 (=!   D:12 ?   Orc:1 (   Orc:2 [(!*(

Annotations:
D:11 2 transporters, garrulousMonolith's ghost, journeyman HOMo
Lair:5 1 runed translucent door


Innate Abilities, Weirdness & Mutations

You are a living statue of rough stone.
Your actions are slow, but your melee attacks are powerful.
You are resistant to unholy torment.
You cannot wear most types of armour.
You are amphibious.
You can wear up to eight rings at the same time.
You are immune to poison.
Your skin changes colour to match your surroundings (Stealth+).
((Your rubbery body absorbs attacks. (AC +1, EV +1)))
((You are camouflaged when in or above water. (Stealth+)))
You have tentacles for arms and can constrict up to eight enemies at once.


Message History

The entropy weaver resists with some effort.
The redback looks frightened! x2; You block the pharaoh ant's attack.
You feel you are being watched by something.
You feel your power leaking away.
The entropy weaver gestures at you while chanting.
The entropic weave corrodes you!
The pharaoh ant bites you but does no damage.
You feel you are being watched by something.
You feel your power leaking away.
The entropy weaver casts a spell at you.
The entropic weave corrodes you!
Okay, then.
As you read the scroll of teleportation, it crumbles to dust.
You feel strangely unstable. The pharaoh ant barely misses you.
You feel you are being watched by something.
You feel your power leaking away.
A steelbarb worm comes into view.
The entropy weaver barely misses you. The entropy weaver misses you.
The entropy weaver hits you but does no damage. x2
The pharaoh ant bites you!
* * * LOW HITPOINT WARNING * * *
The pharaoh ant closely misses you.
You feel you are being watched by something.
The entropy weaver gestures at you while chanting.
The entropic weave corrodes you!
You feel better. The pharaoh ant bites you!
* * * LOW HITPOINT WARNING * * *
The pharaoh ant closely misses you. You block the pharaoh ant's attack.
The entropy weaver hits you.
* * * LOW HITPOINT WARNING * * *
The entropy weaver misses you.
The entropy weaver hits you but does no damage.
You block the entropy weaver's attack.
The pharaoh ant bites you but does no damage.
An emperor scorpion comes into view.
You feel you are being watched by something.
Something hits you but does no damage.
Deactivating autopickup; reactivate with Ctrl-A.
Something hits you.
You die...

...####...^#.....
s.........#.#....##.....
$.............w..#^.....
................##......
.................#......
.....^.....^..°.........
.......................^
#......BB........B..####
#......8B.......†......#
....###....)...○)†....##
. ...........$.....#
#.........^.†......
#..........†)......
###!.w......###....
##......^## ##...
##....s## ##.. ##...##
#..


You could see an emperor scorpion (wandering), an entropy weaver, 2 steelbarb
worms, a demonic crawler (fleeing) and 2 pharaoh ants.

Vanquished Creatures
  Nikola (Spider:3)
  Rupert (D:15)
  Agnes (D:14)
  Frances (D:14)
  An emperor scorpion (Spider:1)
  3 ghost moths
  A broodmother (Spider:3)
  2 spark wasps
  Snorg (D:14)
  A great orb of eyes (D:15)
  6 entropy weavers
  3 vault guards (D:13)
  2 hydras
  2 catoblepae
  2 ogre magi (D:15)
  2 rakshasas (D:15)
  3 centaur warriors
  A death knight (D:15)
  10 two-headed ogres
  2 jorogumos
  A tengu warrior (D:13)
  8 demonic crawlers
  5 boulder beetles
  6 death yaks (Lair:5)
  A deep troll shaman (Lair:5)
  Sonja (Orc:1)
  2 orc high priests
  2 skysharks
  4 skeletal warriors (D:13)
  4 pharaoh ants
  A skyshark (shapeshifter) (D:15)
  4 orb spiders
  2 sun moths
  A wizard (D:14)
  6 steelbarb worms
  7 orc knights
  2 phantasmal warriors (D:15)
  2 oklob plants
  A lindwurm (Lair:3)
  2 orc sorcerers
  17 wolf spiders
  A manticore (D:12)
  13 ugly things
  A cyclops (D:15)
  25 elephants
  3 moths of wrath
  4 black mambas
  2 torpor snails
  A gargoyle (D:12)
  4 unseen horrors
  A freezing wraith (D:15)
  2 rime drakes
  12 komodo dragons
  A tengu conjurer (D:13)
  7 cane toads
  5 polar bears
  4 trolls
  5 meliai
  17 blink frogs
  A hornet (D:10)
  20 tarantellas
  Prince Ribbit (D:5)
  Grinder (D:3)
  20 jumping spiders
  3 slime creatures (D:15)
  3 wyverns
  15 culicivoras
  2 shadows
  3 wraiths
  10 humans (D:13)
  33 yaks
  Eustachio (D:4)
  3 hogs (D:13)
  4 steam dragons
  2 basilisks
  51 redbacks
  2 vampire mosquitoes (D:15)
  A warg (D:15)
  7 water moccasins
  4 acid dragons
  44 orc warriors
  A black bear (Lair:1)
  A sky beast (D:7)
  An ice beast (D:6)
  17 ogres
  12 wolves
  19 centaurs
  A phantom (D:3)
  16 bullfrogs
  Blork the orc (D:5)
  3 kobold brigands
  2 gnoll sergeants
  A scorpion (D:7)
  An elf zombie (Ossuary)
  13 wights
  A killer bee (D:8)
  4 electric eels
  4 howler monkeys
  2 centaur zombies (Ossuary)
  A crimson imp (D:5)
  2 human zombies (Ossuary)
  6 hounds
  5 jellies
  14 orc priests
  A sleepcap (D:8)
  3 gnoll boudas
  Jessica (D:2)
  Ijyb (D:3)
  6 iguanas
  20 orc wizards
  Natasha (thrice) (D:3)
  13 hell rats (Lair:5)
  3 mummies (Ossuary)
  6 adders
  23 gnolls
  2 shadow imps
  2 white imps (D:6)
  An ufetubus (D:4)
  3 adder zombies (Ossuary)
  2 worms
  3 dart slugs
  69 orcs
  7 bats
  6 endoplasms
  4 giant cockroaches
  6 goblins
  7 hobgoblins
  23 kobolds
  A quokka (D:1)
  6 ball pythons
  A frilled lizard (D:1)
  3 gnoll zombies (Ossuary)
  4 goblin zombies (Ossuary)
  6 hobgoblin zombies (Ossuary)
  3 jackal zombies (Ossuary)
  5 kobold zombies (Ossuary)
  An orc zombie (Ossuary)
  5 quokka zombies (Ossuary)
  7 rats
  3 rat zombies
852 creatures vanquished.

Vanquished Creatures (others)
  A tarantella (Spider:4)
  2 redbacks (Spider:4)
  An orc wizard (Orc:2)
4 creatures vanquished.

Grand Total: 856 creatures vanquished

Notes
Turn   | Place    | Note
-------+----------+-------------------------------------------
     0 | D:1      | LustLizard the Octopode Shapeshifter began the quest for
                  | the Orb.
     0 | D:1      | Reached XP level 1. HP: 13/13 MP: 1/1
   201 | D:1      | Reached XP level 2. HP: 18/18 MP: 2/2
   234 | D:1      | Reached skill level 1 in Stealth
   527 | D:1      | Reached XP level 3. HP: 23/23 MP: 3/3
  1046 | D:2      | Found a faded altar of an unknown god.
  1076 | D:2      | Found Naaluim's Magic Scroll Shop.
  1339 | D:2      | Reached XP level 4. HP: 29/29 MP: 4/4
  1412 | D:2      | Noticed Jessica
  1416 | D:2      | Killed Jessica
  1417 | D:2      | Reached skill level 4 in Unarmed Combat
  1935 | D:3      | Identified the +4 hand axe of Duty {freeze, Drain rN+ MP+9
                  | Str+2}
  1935 | D:3      | Noticed a phantom
  1989 | D:3      | Reached XP level 5. HP: 31/34 MP: 5/5
  2037 | D:3      | Noticed Ijyb
  2055 | D:3      | Killed Ijyb
  2254 | D:3      | Reached XP level 6. HP: 30/41 MP: 6/6
  2405 | D:3      | Noticed Grinder
  2637 | D:3      | Noticed Natasha
  2649 | D:3      | Killed Natasha
  3024 | D:3      | Noticed Natasha
  3030 | D:3      | Killed Natasha
  3408 | D:3      | Reached skill level 5 in Unarmed Combat
  3458 | D:3      | Killed Grinder
  3459 | D:3      | Reached XP level 7. HP: 21/46 MP: 7/7
  3862 | D:3      | Noticed Natasha
  3871 | D:3      | Killed Natasha
  4364 | D:4      | Reached skill level 6 in Unarmed Combat
  4634 | D:4      | Noticed Eustachio
  4798 | D:4      | Reached XP level 8. HP: 50/54 MP: 8/8
  4890 | D:4      | Killed Eustachio
  4971 | D:5      | Entered Level 5 of the Dungeon
  4986 | D:5      | Reached skill level 7 in Unarmed Combat
  5120 | D:5      | Reached skill level 5 in Shapeshifting
  5560 | D:5      | Found a burning altar of Makhleb.
  5560 | D:5      | Found a shimmering altar of Xom.
  5627 | D:5      | Noticed Blork the orc
  5629 | D:5      | Reached skill level 5 in Fighting
  5647 | D:5      | Killed Blork the orc
  5785 | D:5      | Reached skill level 8 in Unarmed Combat
  5813 | D:5      | Found a hide-covered altar of Uskayaw.
  5860 | D:5      | Noticed Prince Ribbit
  5876 | D:5      | Reached XP level 9. HP: 16/61 MP: 9/9
  5886 | D:5      | Killed Prince Ribbit
  6431 | D:6      | Reached skill level 9 in Unarmed Combat
  6482 | D:6      | Found a sand-covered staircase.
  6518 | Ossuary  | Entered an ossuary
  7994 | D:6      | Found a blossoming altar of Fedhas.
  7998 | D:6      | Found a glowing golden altar of the Shining One.
  8478 | D:5      | Became a worshipper of Uskayaw the Reveller
  8544 | D:7      | Reached * piety under Uskayaw
  8587 | D:7      | Reached ** piety under Uskayaw
  8589 | D:7      | Reached *** piety under Uskayaw
  8590 | D:7      | Reached **** piety under Uskayaw
  8640 | D:7      | Reached skill level 10 in Unarmed Combat
  8750 | D:7      | Reached XP level 10. HP: 69/69 MP: 10/10
  9753 | D:7      | Found a staircase to the Ecumenical Temple.
 10696 | D:8      | Found a staircase to the Lair.
 11039 | D:8      | Reached skill level 11 in Unarmed Combat
 11086 | D:8      | Reached skill level 12 in Unarmed Combat
 11086 | D:8      | Reached XP level 11. HP: 39/78 MP: 10/14
 12162 | D:9      | Found a staircase to the Orcish Mines.
 12411 | D:9      | Reached skill level 13 in Unarmed Combat
 12413 | D:9      | Reached ***** piety under Uskayaw
 12738 | D:9      | Identified the +1 helmet "Qiebban" {+Blink rC+ Will+ Dex+2}
 13017 | D:10     | Entered Level 10 of the Dungeon
 13527 | D:10     | Reached XP level 12. HP: 58/85 MP: 15/15
 14672 | D:10     | Found Orchoy's Distillery.
 14727 | D:10     | Found Edost's Jewellery Shoppe.
 14751 | D:10     | Found Lygiuxto's Antique Weapon Boutique.
 14951 | D:10     | Found an iron altar of Okawaru.
 14952 | D:10     | Found a sacrificial altar of Ru.
 14953 | D:10     | Found a shimmering blue altar of Sif Muna.
 14954 | D:10     | Found a glowing silver altar of Zin.
 15299 | D:11     | Found a transporter.
 15299 | D:11     | Noticed garrulousMonolith's ghost (journeyman HOMo)
 15308 | D:11     | Noticed a five-headed hydra
 15319 | D:11     | Found a transporter.
 15715 | D:11     | Noticed a two-headed ogre
 15732 | D:11     | Noticed a two-headed ogre
 16109 | D:11     | Killed a two-headed ogre
 16145 | D:11     | Killed a two-headed ogre
 16146 | D:11     | Reached skill level 14 in Unarmed Combat
 16368 | Lair:1   | Entered Level 1 of the Lair of Beasts
 16543 | D:8      | Reached skill level 10 in Fighting
 17722 | Lair:2   | Upgraded the game from 0.31-a0-344-gd109795599 to
                  | 0.31-a0-345-g1ebeae05c6
 18861 | Lair:2   | Identified a scroll of acquirement
 18878 | Lair:2   | Found a staircase to the Shoals.
 19024 | D:10     | Acquired 998 gold pieces
 19026 | D:10     | Bought a granite talisman for 1280 gold pieces
 19191 | D:2      | Bought a scroll of blinking for 105 gold pieces
 19380 | Lair:3   | Reached XP level 13. HP: 83/93 MP: 16/16
 20103 | Lair:3   | Reached skill level 10 in Shapeshifting
 21898 | Lair:3   | Found a hole to the Spider Nest.
 22507 | Lair:4   | Reached skill level 15 in Unarmed Combat
 22580 | Lair:4   | Reached skill level 5 in Invocations
 22691 | Lair:4   | Got Lorroan's Atlas of Feathers
 22726 | Lair:4   | Reached skill level 5 in Stealth
 23475 | Lair:5   | Entered Level 5 of the Lair of Beasts
 23619 | Lair:5   | Reached skill level 1 in Shields
 23694 | Lair:5   | Found a runed translucent door.
 23695 | Lair:5   | Found a viscous altar of Jiyva.
 23695 | Lair:5   | Found a staircase to the Slime Pits.
 23756 | Lair:5   | Reached XP level 14. HP: 85/99 MP: 18/18
 24569 | Lair:5   | Reached ****** piety under Uskayaw
 25159 | Orc:1    | Entered Level 1 of the Orcish Mines
 25159 | Orc:1    | Noticed Sonja
 25165 | Orc:1    | Killed Sonja
 25532 | Orc:1    | Found Guhucemi's Weapon Emporium.
 25767 | Orc:2    | Entered Level 2 of the Orcish Mines
 25767 | Orc:2    | Found a staircase to the Elven Halls.
 25935 | Orc:1    | Reached skill level 16 in Unarmed Combat
 26087 | Orc:2    | Reached skill level 5 in Dodging
 26309 | Orc:2    | Found Jano Buw's General Store.
 26309 | Orc:2    | Found Hupn's Distillery.
 26309 | Orc:2    | Found Tiurrue's Antique Weapon Shoppe.
 26337 | Orc:2    | Found Kuris's Antique Weapon Boutique.
 26533 | Orc:2    | Found Enualegh's Armour Shop.
 26795 | D:12     | Found Jabug's Magic Scroll Shop.
 26813 | D:12     | Reached XP level 15. HP: 98/107 MP: 20/20
 26818 | D:12     | Bought a scroll of identify for 32 gold pieces
 27831 | D:13     | You fall into a shaft and drop 1 floor!
 28330 | D:13     | Found a gate to the Vaults.
 28482 | D:13     | Acquired a manual of Unarmed Combat
 28484 | D:13     | Acquired the +2 kite shield "Wuam" {Str+3}
 28835 | D:14     | Noticed Agnes
 28840 | D:14     | Killed Agnes
 28905 | D:14     | Got Pilent's Precepts of Ruinous Hexes
 28938 | D:14     | Noticed Frances
 28945 | D:14     | Killed Frances
 29167 | D:14     | Noticed Snorg
 29175 | D:14     | Killed Snorg
 29580 | D:15     | Entered Level 15 of the Dungeon
 29643 | D:15     | Reached skill level 17 in Unarmed Combat
 29811 | D:15     | Reached skill level 5 in Shields
 29929 | D:15     | Noticed Rupert
 29973 | D:15     | Killed Rupert
 30010 | D:15     | Paralysed by a great orb of eyes for 2 turns
 30013 | D:15     | Found a staircase to the Depths.
 30109 | D:15     | Reached XP level 16. HP: 111/114 MP: 22/22
 30356 | D:15     | Reached skill level 10 in Stealth
 31320 | Spider:1 | Entered Level 1 of the Spider Nest
 31529 | Spider:1 | Reached skill level 18 in Unarmed Combat
 34461 | Spider:3 | Reached skill level 19 in Unarmed Combat
 34701 | Spider:3 | Reached skill level 10 in Invocations
 34936 | Spider:3 | Identified the ring "Arorah Diets" {AC+4 Int+3 Dex+2}
 34970 | Spider:3 | Reached XP level 17. HP: 121/121 MP: 24/24
 35084 | Spider:3 | Noticed Nikola
 35102 | Spider:3 | Killed Nikola
 35661 | Spider:4 | Entered Level 4 of the Spider Nest
 36183 | Spider:4 | HP: 5/129 [entropy weaver (4)]
 36187 | Spider:4 | HP: 2/129 [pharaoh ant (11)]
 36187 | Spider:4 | Slain by a ghost moth

Illustrated notes

Levels and vault maps discovered:
D:1:      dpeg_arrival_boxorama, layout_basic, minmay_misc_feat_ornament
D:2:      layout_loops_ring, chequers_ecumenical_altar_island, serial_shops,
          shop, chequers_garden, minmay_misc_feat_pillars, uniq_jessica
D:3:      layout_rooms, grunt_decor_clamped, grunt_ministairs_3,
          nicolae_kite_square_tiling_tiny, uniq_ijyb, uniq_natasha, uniq_grinder
D:4:      layout_loops_ring, uniq_eustachio
D:5:      layout_rooms, grunt_temple_overflow_champion_of_chaos,
          kennysheep_mini, uniq_prince_ribbit1, uniq_blork_the_orc
D:6:      layout_loops_corners, minitemple, enter_ossuary_4, kennysheep_boxes
D:7:      layout_gridville, temple_hall, serial_co_window_serial,
          co_window_corner_a, co_window_paths_b, co_window_corner_a,
          co_window_paths_a, co_window_corner_a, co_window_corner_b,
          co_window_corner_b, co_window_corner_b, co_window_2corner,
          co_window_paths_e, glass_columns_b, glass_columns_a, glass_columns_a,
          minmay_misc_feat_four_crosses, kb_lookout_dungeons_type
D:8:      layout_loops_ring, david_lair_shrubbed, minmay_quadrilaterals
D:9:      layout_basic, david_orc_3
D:10:     layout_stronghold, chequers_temple_overflow_statue_of_worship,
          serial_shops, nicolae_shop_gaudy_bauble, nicolae_shop_rolling_square,
          kennysheep_little_box
D:11:     layout_cross, gammafunk_ghost_arena
D:12:     layout_irregular_city, serial_shops, shop
D:13:     layout_loops_ring, ximxim_vaults_locker_room, serial_glass,
          glass_columns_a, glass_columns_b, grunt_livestock
D:14:     layout_loops_cross, minmay_misc_feat_enclosed, lemuel_flamethrower_2,
          uniq_agnes, uniq_frances, uniq_snorg
D:15:     gammafunk_enter_depths_forms, layout_irregular_city,
          hangedman_abyss_or_decor_clamps, kennysheep_pointless_box, uniq_rupert
Lair:1:   layout_hall_layers, infiniplex_staircase_pool
Lair:2:   layout_misc_corridors, elwin_shoals_entry_rocks,
          eino_small_chamber_without_monster, chequers_serial_rivers_room_b,
          chequers_serial_rivers_micro_d, pdpol_lair_neglected_garden,
          grunt_megastairs_1
Lair:3:   layout_chaotic_city, spider_nest_entry_a,
          grunt_forest_small_clearing_treed
Lair:4:   layout_cellular_growth, grunt_megastairs_3
Lair:5:   grunt_lair_end_beastmaster, layout_regular_city, slime_entry_2,
          grunt_forest_stairs_basic
Spider:1: layout_spider_delve
Spider:2: layout_spider_delve
Spider:3: layout_spider_delve, uniq_nikola
Spider:4: hellmonk_spider_rune_bug_friends
Orc:1:    layout_caves, serial_shops, nicolae_lakefront_shop, uniq_sonja
Orc:2:    st_orc_rangers, layout_diamond_mine, serial_shops, shop,
          nicolae_orc_rockfall

Skill      XL: |  1  2  3  4  5  6  7  8  9 10 11 12 13 14 15 16 17 |
---------------+----------------------------------------------------+-----
Stealth        | 1 2 3 4 5 8 9 10 | 10.4
Fighting       | 2 3 4 5 6 8 9 10 11 12 13 | 13.2
Unarmed Combat | 4 5 6 8 10 12 13 14 15 16 17 19 | 19.6
Shapeshifting  | 4 5 6 7 8 9 11 12 13 | 13.1
Invocations    | 4 5 7 8 10 11 | 11.0
Dodging        | 3 5 6 7 8 |  8.5
Shields        | 1 3 5 6 7 |  7.4

Action                     |  1- 3 |  4- 6 |  7- 9 | 10-12 | 13-15 | 16-18 || total
---------------------------+-------+-------+-------+-------+-------+-------++-------
  Melee: Unarmed           |    54 |    68 |   266 |   333 |   685 |   342 ||  1748
         Constrict         |    15 |    14 |    68 |    56 |    89 |    72 ||   314
         Tentacles         |     6 |    10 |    59 |    90 |   177 |    83 ||   425
         Punch             |       |       |    18 |    29 |    87 |    47 ||   181
  Throw: Dart              |     2 |       |     8 |    21 |       |     4 ||    35
         Stone             |     2 |       |       |       |       |       ||     2
 Invoke: Stomp             |       |       |       |     1 |       |       ||     1
  Evoke: Wand              |       |       |     1 |     2 |     2 |     6 ||    11
    Use: Scroll            |     2 |     3 |     7 |    11 |    11 |     9 ||    43
         Potion            |       |     1 |     3 |     3 |     5 |     4 ||    16
   Stab: Sleeping          |     6 |     2 |     9 |    10 |     8 |     9 ||    44
         Distracted        |       |       |     1 |       |     2 |     5 ||     8
         Paralysed         |       |       |     2 |    13 |    54 |    32 ||   101
         Invisible         |       |       |       |     1 |       |       ||     1
 Armour: Skin              |     7 |     8 |    16 |     8 |   474 |   226 ||   739
  Dodge: Dodged            |    23 |    35 |    86 |   136 |   562 |   302 ||  1144
  Block: Buckler           |       |       |       |       |    51 |   121 ||   172
   Form: Statue            |       |       |       |       |     1 |       ||     1

Table legend: (Time is in decaauts)
 A = Elapsed time spent in this place.
 B = Non-inter-level travel time spent in this place.
 C = Inter-level travel time spent in this place.
 D = Time resting spent in this place.
 E = Time spent auto-exploring this place.
 F = Levels seen in this place.
 G = Mean time per level.
                   A        B        C        D        E       F      G
               +--------+--------+--------+--------+--------+-----+--------+
         Total |  43104 |  38732 |   4372 |   7582 |  22112 |  27 | 1596.4 |
       Dungeon |  23299 |  20271 |   3028 |   4161 |  12011 |  15 | 1553.3 |
          Lair |   9561 |   8791 |    770 |   2158 |   4538 |   5 | 1912.2 |
   Spider Nest |   7209 |   6775 |    434 |    985 |   4104 |   4 | 1802.2 |
  Orcish Mines |   2254 |   2116 |    138 |    277 |   1219 |   2 | 1127.0 |
       Ossuary |    779 |    779 |      0 |      0 |    238 |   1 |  779.0 |
               +--------+--------+--------+--------+--------+-----+--------+

Top non-repeatable levels by time:
  Lair:3: 2544 daAuts
Spider:3: 2537 daAuts
    D:10: 2417 daAuts
     D:8: 2403 daAuts
Spider:1: 2320 daAuts
     D:3: 2132 daAuts
  Lair:5: 2079 daAuts
Spider:2: 1932 daAuts
  Lair:2: 1900 daAuts
     D:7: 1643 daAuts
    D:12: 1631 daAuts
    D:15: 1567 daAuts
     D:9: 1563 daAuts
     D:6: 1561 daAuts
  Lair:4: 1525 daAuts
